 Dungeon Crawl Stone Soup version 0.28-a0-1594-ga885d4b3d6 (webtiles) character file.

Game seed: 14073056627447627053

2118 kae the Ruffian (level 9, 0/86 HPs)
             Began as a Pale Draconian Transmuter on Jan 20, 2022.
             Slain by an orc wizard (1 damage)
             ... on level 6 of the Dungeon.
             The game lasted 00:04:34 (7864 turns).

kae the Ruffian (Pale Draconian Transmuter)         Turns: 7864, Time: 00:04:34

Health: 0/86       AC:  7    Str: 13    XL:     9   Next: 8%
Magic:  13/15      EV: 11    Int: 17    God:
Gold:   270        SH:  0    Dex: 12    Spells: 8/16 levels left

rFire   x . .      SeeInvis .     - Unarmed
rCold   + + +      Faith    .   (shield currently unavailable)
rNeg    . . .      Spirit   .   (armour unavailable)
rPois   +          Reflect  .   (helmet currently unavailable)
rElec   .          Harm     .   (cloak currently unavailable)
rCorr   .          Rampage  .   (gloves currently unavailable)
Will    .....                   (boots currently unavailable)
Stlth   +.........              (no amulet)
HPRegen 0.24/turn               (no ring)
MPRegen 0.14/turn               (no ring)

@: ice-form
A: freezing attack, amphibious, boosted hp, (breathe steam), AC +7, large,
unfitting armour, (cold-blooded), (steam resistance)
a: End Transformation


You were on level 6 of the Dungeon.
You were a creature of crystalline ice.
You visited 1 branch of the dungeon, and saw 6 of its levels.

You collected 270 gold pieces.

Inventory:

Jewellery
 j - a ring of fire
 m - a +6 ring of strength
 o - a ring of magical power
Wands
 e - a wand of flame (21)
 l - a wand of iceblast (2)
Scrolls
 g - a scroll of fog
 i - 3 scrolls of noise
 n - a scroll of magic mapping
Potions
 a - 2 potions of might
 b - a potion of mutation
 c - a potion of flight
 d - 4 potions of curing
 f - a potion of brilliance
 h - 3 potions of heal wounds {unknown}
 k - a potion of degeneration {unknown}


   Skills:
 + Level 4.4 Fighting
 + Level 3.9 Dodging
 * Level 6.4 Unarmed Combat
 + Level 4.2 Spellcasting
 * Level 6.0 Transmutations
 * Level 4.4 Ice Magic
 - Level 2.0 Poison Magic


You had 8 spell levels left.
You knew the following spells:

 Your Spells              Type           Power      Damage    Failure   Level
a - Beastly Appendage     Tmut           48%        N/A       1%          1
b - Spider Form           Tmut/Pois      17%        N/A       9%          3
c - Ice Form              Ice/Tmut       21%        N/A       19%         4

Your spell library contained the following spells:

 Spells                   Type           Power      Damage    Failure   Level
 Wereblood                Tmut           24%        N/A       1%          2
 Ensorcelled Hibernation  Hex/Ice        22%        N/A       10%         2
 Animate Skeleton         Necr           6%         N/A       16%         1
 Pain                     Necr           12%        1d4       16%         1
 Summon Small Mammal      Summ           12%        N/A       16%         1
 Blade Hands              Tmut           12%        N/A       34%         5
 Call Canine Familiar     Summ           3%         N/A       43%         3
 Portal Projectile        Hex/Tloc       6%         N/A       43%         3
 Summon Guardian Golem    Hex/Summ       3%         N/A       43%         3
 Tukima's Dance           Hex            3%         N/A       43%         3
 Vampiric Draining        Necr           3%         2d6       43%         3
 Yara's Violent Unravell  Hex/Tmut       6%         3d5       77%         5
 Anguish                  Hex/Necr       1%         N/A       83%         4
 Passage of Golubria      Tloc           3%         N/A       83%         4
 Excruciating Wounds      Necr           1%         N/A       99%         5


Dungeon Overview and Level Annotations

Branches:
Dungeon (6/15)
 Temple: D:4-7

Altars:
Elyvilon
Kikubaaqudgha
Okawaru
Uskayaw


Innate Abilities, Weirdness & Mutations

You are a creature of crystalline ice.
You have a powerful freezing melee attack.
You are amphibious.
Your maximum health is increased.
Your armour is entirely melded.
You are incapable of wielding weapons or throwing items.
((You can breathe blasts of scalding, opaque steam.))
((Your pale cyan-grey scales are hard. (AC +7)))
You cannot fit into any form of body armour.
((You are cold-blooded and may be slowed by cold attacks.))
((You are immune to the effects of steam.))


Message History

The orc warrior hits you with a +0 trident!
You punch the orc! You freeze the orc.
You kill the orc!
The orc wizard hits you with a +0 dagger.
You hit the orc warrior. You freeze the orc warrior.
The orc warrior is moderately wounded.
The orc warrior closely misses you. The orc wizard closely misses you.
You hit the orc warrior. You freeze the orc warrior.
The orc warrior is moderately wounded.
The orc warrior barely misses you.
The orc wizard hits you but does no damage.
You punch the orc warrior! You freeze the orc warrior.
The orc warrior is almost dead.
The orc warrior barely misses you. The orc wizard barely misses you.
You closely miss the orc warrior.
The orc warrior is almost dead.
The orc warrior misses you. The orc wizard closely misses you.
You hit the orc warrior. You freeze the orc warrior.
The orc warrior is almost dead.
The orc warrior hits you with a +0 trident!
* * * LOW HITPOINT WARNING * * *
You barely miss the orc warrior.
The orc warrior is almost dead.
The orc wizard gestures at you while chanting.
The puff of flame hits you! The fire burns you terribly!
* * * LOW HITPOINT WARNING * * *
The orc warrior misses you.
You hit the orc warrior but do no damage.
The orc warrior is almost dead.
The orc wizard barely misses you.
The orc warrior hits you with a +0 trident!
* * * LOW HITPOINT WARNING * * *
You barely miss the orc warrior.
The orc warrior is almost dead.
The orc wizard hits you but does no damage.
The orc warrior hits you but does no damage.
You closely miss the orc warrior.
The orc warrior is almost dead.
The orc wizard hits you with a +0 dagger.
You die...

...# .... #...# ......
#...## ......
#....###.....#### ##..
#............ ...##...
#............ ........
#...oo...# ........
#Y)..# ##.....#
#)...## #......#
#.....# #....###
#.....## #....#..
###......# ##..#.#)#
#........###.......#
#...........##.......#
............#.........
................##....


You could see an orc warrior and an orc wizard.

Vanquished Creatures
  Pikel (D:4)
  A troll (D:5)
  Sigmund (D:4)
  Menkaure (D:5)
  A water moccasin (D:5)
  A centaur (D:5)
  Blork the orc (D:5)
  A scorpion (D:5)
  A wyvern zombie (D:6)
  A bullfrog (D:6)
  4 hounds
  A gnoll shaman (D:5)
  3 orc priests
  A bullfrog skeleton (D:5)
  2 iguanas
  Natasha (thrice) (D:3)
  5 orc wizards
  A hound skeleton (D:4)
  3 gnolls (D:5)
  A howler monkey skeleton (D:6)
  5 adders
  A shadow imp (D:5)
  An ufetubus (D:5)
  An adder skeleton (D:4)
  4 worms (D:2)
  A dart slug (D:3)
  9 orcs
  7 endoplasms
  2 giant cockroaches (D:3)
  2 goblins (D:1)
  3 hobgoblins
  5 jackals (D:2)
  3 quokkas
  4 ball pythons
  10 bats
  10 frilled lizards
  7 kobolds
  6 rats
115 creatures vanquished.

Vanquished Creatures (others)
  6 plants (D:3)
  A withered plant (D:2)
7 creatures vanquished.

Grand Total: 122 creatures vanquished

Notes
Turn   | Place    | Note
-------+----------+-------------------------------------------
     0 | D:1      | kae the Draconian Transmuter began the quest for the Orb.
     0 | D:1      | Reached XP level 1. HP: 16/16 MP: 3/3
   333 | D:1      | Reached XP level 2. HP: 15/23 MP: 3/5
  1316 | D:1      | Reached XP level 3. HP: 9/29 MP: 6/6
  1320 | D:1      | Learned a level 3 spell: Spider Form
  1817 | D:2      | Reached XP level 4. HP: 36/36 MP: 3/7
  1997 | D:2      | Reached skill level 1 in Poison Magic
  1997 | D:2      | Found a faded altar of an unknown god.
  2650 | D:3      | Reached XP level 5. HP: 38/41 MP: 8/8
  2886 | D:3      | Noticed Natasha
  2905 | D:3      | Killed Natasha
  2990 | D:3      | Noticed Natasha
  2998 | D:3      | Killed Natasha
  3737 | D:3      | Noticed Natasha
  3745 | D:3      | Killed Natasha
  3746 | D:3      | Reached XP level 6. HP: 37/49 MP: 6/10
  3886 | D:4      | Noticed Sigmund
  3994 | D:3      | Learned a level 4 spell: Ice Form
  4003 | D:4      | Killed Sigmund
  4004 | D:4      | Reached skill level 1 in Ice Magic
  4184 | D:4      | Noticed Pikel
  4242 | D:4      | Killed Pikel
  4243 | D:4      | Reached skill level 5 in Unarmed Combat
  4243 | D:4      | Your scales start taking on a pale cyan-grey colour.
  4243 | D:4      | Reached XP level 7. HP: 44/57 MP: 7/12
  4243 | D:4      | Gained mutation: You are immune to the effects of steam.
                  | [Pale Draconian growth]
  5516 | D:5      | Entered Level 5 of the Dungeon
  5586 | D:5      | Noticed Menkaure
  5588 | D:5      | Killed Menkaure
  5589 | D:5      | Reached XP level 8. HP: 63/63 MP: 8/13
  5752 | D:5      | Reached skill level 5 in Transmutations
  6198 | D:5      | Noticed a troll
  6497 | D:5      | Found a faded altar of an unknown god.
  6497 | D:5      | Found an iron altar of Okawaru.
  6505 | D:5      | Found an ancient bone altar of Kikubaaqudgha.
  6507 | D:5      | Found a white marble altar of Elyvilon.
  6509 | D:5      | Found a hide-covered altar of Uskayaw.
  7061 | D:5      | Killed a troll
  7068 | D:5      | Noticed Blork the orc
  7231 | D:5      | Killed Blork the orc
  7718 | D:6      | Reached XP level 9. HP: 72/72 MP: 10/15
  7862 | D:6      | HP: 1/86 [orc warrior (8)]
  7864 | D:6      | Slain by an orc wizard

Illustrated notes

Levels and vault maps discovered:
D:1:      dpeg_arrival_rooms_a, layout_basic, minmay_misc_feat_iff,
          minmay_lizard_pond
D:2:      layout_rooms, ebering_ecumenical_altar_petrified, dk_noncrumbling_2,
          minmay_misc_feat_ornament
D:3:      layout_loops_ring, serial_bayou, serial_bayou_pond_a,
          serial_bayou_pond_a, serial_bayou_pond_d, serial_bayou_pond_d,
          serial_bayou_pond_b, st_stairs_14, uniq_natasha
D:4:      layout_layer_cave, uniq_pikel, uniq_sigmund
D:5:      layout_basic, chequers_temple_overflow_minitemple, uniq_menkaure,
          uniq_blork_the_orc
D:6:      layout_layer_cave, minmay_a_box_with_orc_wizards_in_it

Skill      XL: |  1  2  3  4  5  6  7  8  9 |
---------------+----------------------------+-----
Dodging        | 2 3 |  3.9
Transmutations | 3 4 5 6 |  6.0
Poison Magic   | 1 2 |  2.0
Fighting       | 2 3 4 |  4.4
Unarmed Combat | 4 5 6 |  6.4
Spellcasting   | 3 4 |  4.2
Ice Magic      | 2 3 4 |  4.4

Action                   |  1- 3 |  4- 6 |  7- 9 || total
-------------------------+-------+-------+-------++-------
Melee: Unarmed           |   107 |   141 |   122 ||   370
       Kick              |    11 |    14 |       ||    25
       Tailslap          |     6 |    10 |     4 ||    20
       Headbutt          |     7 |    12 |       ||    19
       Punch             |       |     1 |     4 ||     5
 Cast: Beastly Appendage |    21 |    17 |       ||    38
       Spider Form       |     2 |     5 |     9 ||    16
       Ice Form          |       |     2 |     8 ||    10
 Abil: Breathe Steam     |       |       |     7 ||     7
  Use: Scroll            |       |     8 |     5 ||    13
       Potion            |       |     2 |       ||     2
 Stab: Distracted        |       |     1 |       ||     1
       Sleeping          |       |       |     1 ||     1
Armor: Skin              |    41 |    31 |    23 ||    95
Dodge: Dodged            |    71 |   102 |    95 ||   268

Table legend: (Time is in decaauts)
 A = Elapsed time spent in this place.
 B = Non-inter-level travel time spent in this place.
 C = Inter-level travel time spent in this place.
 D = Time resting spent in this place.
 E = Time spent auto-exploring this place.
 F = Levels seen in this place.
 G = Mean time per level.
                   A        B        C        D        E       F      G
               +--------+--------+--------+--------+--------+-----+--------+
         Total |   7851 |   7683 |    168 |    508 |   6160 |   6 | 1308.5 |
       Dungeon |   7851 |   7683 |    168 |    508 |   6160 |   6 | 1308.5 |
               +--------+--------+--------+--------+--------+-----+--------+

Top non-repeatable levels by time:
     D:4: 1766 daAuts
     D:5: 1640 daAuts
     D:1: 1552 daAuts
     D:2: 1396 daAuts
     D:3: 1039 daAuts
     D:6: 457 daAuts
